 Dungeon Crawl Stone Soup version 0.22-a0-113-gdd6f4a9394 (webtiles) character file.

44 Ordine the Magician (level 3, -1/19 HPs)
             Began as a Deep Elf Wizard on Jan 28, 2018.
             Slain by a wight
             ... wielding a cursed +2 falchion of freezing
              (2 damage)
             ... on level 2 of the Dungeon.
             The game lasted 00:06:21 (1794 turns).

Ordine the Magician (Deep Elf Wizard)               Turns: 1794, Time: 00:06:22

Health: -1/19      AC:  3    Str:  4    XL:     3   Next: 39%
Magic:  1/11       EV: 13    Int: 23    God:
Gold:   114        SH:  0    Dex: 13    Spells: 2/11 levels left

rFire    . . .     SeeInvis .   i - +2 dagger (speed)
rCold    . . .     Gourm    .   (no shield)
rNeg     . . .     Faith    .   a - +0 robe
rPois    .         Spirit   .   e - +0 helmet
rElec    .         Reflect  .   (no cloak)
rCorr    .         Harm     .   (no gloves)
MR       .....                  (no boots)
Stlth    ++........             (no amulet)
HPRegen  0.06/turn              (no ring)
MPRegen  0.12/turn              (no ring)

@: drained
A: no striking features
a: no special abilities


You were on level 2 of the Dungeon.
You were not hungry.

You visited 1 branch of the dungeon, and saw 3 of its levels.

You collected 114 gold pieces.

Inventory:

Hand Weapons
 i - a +2 dagger of speed (weapon)
Armour
 a - a +0 robe (worn)
 e - a +0 helmet (worn)
Jewellery
 h - an uncursed ring of protection from cold {unknown}
Scrolls
 b - a scroll of immolation {unknown}
 f - 3 scrolls of identify {unknown}
 g - 2 scrolls of teleportation {unknown}
 l - a scroll of random uselessness {unknown}
Potions
 j - a potion of ambrosia {unknown}
 k - a potion of curing {unknown}
Books
 c - a book of Minor Magic

   Spells                             Type                      Level
   a - Magic Dart                     Conjuration                  1
   b - Blink                          Translocation                2
   c - Call Imp                       Summoning                    2
   d - Slow                           Hexes                        2
   e - Conjure Flame                  Conjuration/Fire             3
   f - Mephitic Cloud                 Conjuration/Poison/Air       3
Comestibles
 d - 6 rations
 m - 3 chunks of flesh


   Skills:
 - Level 3.0(2.5) Dodging
 - Level 3.0(2.5) Stealth
 + Level 4.8(4.3) Spellcasting
 * Level 2.3(1.9) Conjurations
   Level 1.1(0.6) Summonings
 + Level 1.2(0.7) Translocations
 + Level 0.2(0.0) Fire Magic
 + Level 0.2(0.0) Air Magic


You had 2 spell levels left.
You knew the following spells:

 Your Spells              Type           Power        Failure   Level  Hunger
a - Magic Dart            Conj           ##..         4%          1    None
b - Blink                 Tloc           N/A          11%         2    #......
c - Conjure Flame         Conj/Fire      #.......     21%         3    ##.....
d - Mephitic Cloud        Conj/Pois/Air  #.......     24%         3    ##.....


Dungeon Overview and Level Annotations

Branches:
Dungeon (3/15)

Altars:


Message History

An adder comes into view.
You hit the jackal but do no damage.
The jackal is lightly wounded.
The jackal barely misses you. x2
The jackal bites you but does no damage.
You hit the jackal.
The jackal is heavily wounded.
The jackal misses you. The jackal bites you. The jackal closely misses you.
The jackal barely misses you.
The jackal bites you but does no damage.
The jackal bites you. The jackal closely misses you. x3
You climb upwards.
The wight hits you with a falchion of freezing!
* * * LOW HITPOINT WARNING * * *
You feel drained.
* * * LOW HITPOINT WARNING * * *
The wight freezes you.
* * * LOW HITPOINT WARNING * * *
The wight hits you with a falchion of freezing.
You die...

######### ############ #
##### #..........# # #...#
#..........# ##
#...#######..........# .#
#..............).....# .#
#....#####...........#
.####......###.zz........#
.............(..@h.....(.#
..##....##.###.hh........#
#.##....##.###.########'##
#zz#....#...##.########.#
...#.####...##.......##z#
...#.# #.............#.#
.....# #..[.#........#.#
..<..# #....#.#....#.#.#
.....#
#...##.#.#.##.#.#########


You could see 2 wights and 3 jackals.

Vanquished Creatures
  2 worms (D:2)
  A ball python (D:2)
  A giant cockroach (D:2)
  7 goblins
  3 hobgoblins
  6 jackals (D:2)
  3 kobolds
  6 bats
  A frilled lizard (D:1)
  5 rats
35 creatures vanquished.

Vanquished Creatures (others)
  A plant (D:2)
1 creature vanquished.

Grand Total: 36 creatures vanquished

Notes
Turn   | Place    | Note
-------+----------+-------------------------------------------
     0 | D:1      | Ordine the Deep Elf Wizard began the quest for the Orb.
     0 | D:1      | Reached XP level 1. HP: 10/10 MP: 7/7
   395 | D:1      | Reached XP level 2. HP: 15/15 MP: 5/9
   910 | D:2      | Reached XP level 3. HP: 19/19 MP: 1/11
   990 | D:2      | Learned a level 2 spell: Blink
   994 | D:2      | Learned a level 3 spell: Conjure Flame
   998 | D:2      | Learned a level 3 spell: Mephitic Cloud
  1794 | D:2      | Slain by a wight

Vault maps used:
D:1:      lightli_arrival_lavapool
D:2:      serial_bayou, serial_bayou_ford_a, serial_bayou_pond_b,
          serial_bayou_pond_e, serial_bayou_lagoon_b
D:3:      overflow_temple_1_default, elyvilon_altar_4,
          nicolae_gozag_seed_capital

Skill      XL: |  1  2  3 |
---------------+----------+-----
Conjurations   | 2 |  2.3
Stealth        | 3 |  3.0
Dodging        | 3 |  3.0
Spellcasting   | |  4.8
Summonings     | |  1.1
Translocations | |  1.2
Fire Magic     | |  0.2
Air Magic      | |  0.2

Action                   || total
-------------------------++-------
Melee: Dagger            ||    16
 Cast: Magic Dart        ||   112
       Conjure Flame     ||     3
       Blink             ||     2
  Eat: Chunk             ||     3
Armor: Robe              ||     7
Dodge: Dodged            ||    33

Table legend:
 A = Spawn XP
 B = Non-spawn XP
 C = Spawn XP percentage of total XP
 D = Spawn monster count
 E = Non-spawn monster count
 F = Spawn count percentage of total count
 G = Total turns spent on level
                    A         B        C        D         E        F      G
               +---------+---------+-------+---------+---------+-------+---------
         Total |       0 |      63 |   0.0 |       0 |      35 |   0.0 |  1794
               +---------+---------+-------+---------+---------+-------+---------
           D:1 |       0 |      15 |   0.0 |       0 |      10 |   0.0 |   595
           D:2 |       0 |      47 |   0.0 |       0 |      24 |   0.0 |  1191
           D:3 |       0 |       1 |   0.0 |       0 |       1 |   0.0 |     8
               +---------+---------+-------+---------+---------+-------+---------
